 Dungeon Crawl Stone Soup version 0.18-a0-943-g2c08dd4 (webtiles) character file.

63 JokEr the Skirmisher (level 4, -5/38 HPs)
             Began as a Formicid Fighter on Dec 28, 2015.
             Killed from afar by Robin (8 damage)
             ... with a wand of frost
             ... on level 1 of the Dungeon.
             The game lasted 00:04:10 (1585 turns).

JokEr the Skirmisher (Formicid Fighter)             Turns: 1585, Time: 00:04:11

Health: -5/38      AC:  6    Str: 22    XL:     4   Next: 30%
Magic:  4/4        EV:  8    Int:  7    God:
Gold:   82         SH:  9    Dex: 10    Spells: 0 memorised, 3 levels left

rFire  . . .     SeeInvis +     a - +0 long sword
rCold  . . .     Gourm    .     b - +0 scale mail
rNeg   . . .     Faith    .     c - +0 shield
rPois  .         Spirit   .     (helmet unavailable)
rElec  .         Dismiss  .     (no cloak)
rCorr  .         Reflect  .     (no gloves)
SustAt .         Harm     .     (no boots)
MR     .....                    (no amulet)
Stlth  ..........               (no ring)
                                (no ring)

@: not resistant to hostile enchantments, extremely unstealthy
A: permanent stasis, dig shafts and tunnels, four strong arms, antennae 3
a: Dig, Shaft Self


You were on level 1 of the Dungeon.
You were hungry.

You visited 1 branch of the dungeon, and saw 2 of its levels.

You collected 82 gold pieces.

Inventory:

Hand Weapons
 a - a +0 long sword (weapon)
Armour
 b - a +0 scale mail (worn)
 c - a +0 shield (worn)
Jewellery
 e - an uncursed ring of ice {unknown}
Scrolls
 j - a scroll of enchant armour {unknown}
Potions
 g - a potion of lignification {unknown}
 i - a potion of curing {unknown}
Comestibles
 d - 3 fruits
 f - 2 bread rations
 h - 2 meat rations
 k - 2 chunks of flesh


   Skills:
 + Level 4.3 Fighting
 + Level 3.3 Long Blades
 - Level 3.2 Armour
 - Level 3.6 Shields


You had 3 spell levels left.
You didn't know any spells.

Dungeon Overview and Level Annotations

Branches:
Dungeon (2/15)

Altars:

Annotations:
D:1 Robin


Innate Abilities, Weirdness & Mutations

You are under a permanent stasis effect.
You can dig through walls and to a lower floor.
Your four strong arms can wield two-handed weapons with a shield.
You have a pair of large antennae on your head (SInv).


Message History

The goblin shouts!
You block the goblin's attack. Robin hits you with a short sword.
The goblin hits you.
You closely miss Robin. The goblin hits you.
You closely miss Robin.
Robin zaps a wand.
The puff of frost hits you! You block the goblin's attack.
Robin zaps a wand.
The puff of frost hits you!
* * * LOW HITPOINT WARNING * * *
The goblin hits you.
* * * LOW HITPOINT WARNING * * *
Robin barely misses you. A mysterious force pulls you upwards.
The hatch slams shut behind you.
You extend your mandibles.
You dig through the rock wall.
The goblin closely misses you.
You dig through the rock wall.
Robin says, "Kneel, worm!"
Robin throws the goblin at you!
* * * LOW HITPOINT WARNING * * *
You retract your mandibles.
Robin zaps a wand.
The puff of frost hits you!
You die...

######### #.......# #########
#.......# ##...##...
#.......################....>....
......................#..........
#.......###>....@g...............
#.......# #.........###..........
#.......# #####g##.## #..........
#.).....# #...## #.....##[..
#.(.....## ##.######..########
#........### #...##...##
##.#####...# ###.##..## #.(#
###.# ###.....# ###### ..##
#####.# #.......# #....#


You could see Robin and a goblin (frenzied).

Vanquished Creatures
  An adder (D:2)
  An ooze (D:2)
  A worm (D:2)
  A giant gecko (D:1)
  A bat (D:1)
  11 goblins
  7 hobgoblins
  4 kobolds (D:1)
  2 ball pythons
  4 giant cockroaches
  6 giant newts
  2 rats
41 creatures vanquished.

Notes
Turn   | Place    | Note
--------------------------------------------------------------
     0 | D:1      | JokEr the Formicid Fighter began the quest for the Orb.
     0 | D:1      | Reached XP level 1. HP: 18/18 MP: 1/1
   276 | D:1      | Reached XP level 2. HP: 24/24 MP: 2/2
   447 | D:1      | Reached XP level 3. HP: 25/30 MP: 3/3
   830 | D:2      | Noticed Robin
  1143 | D:2      | Reached skill level 4 in Fighting
  1330 | D:2      | Reached XP level 4. HP: 32/37 MP: 4/4
  1585 | D:1      | Killed from afar by Robin

Vault maps used:
D:1:      minmay_arrival_split_and_join, serial_curves, eino_curves_03,
          eino_curves_03, minmay_fountain_box, minmay_distorted
D:2:      kennysheep_vampire_church, first_bread, uniq_robin, uniq_jessica,
          uniq_sigmund

Action                   |  1- 3 |  4- 6 || total
-------------------------+-------+-------++-------
Melee: Long sword        |   117 |    36 ||   153
 Abil: Dig               |     1 |     2 ||     3
  Use: Scroll            |     2 |       ||     2
       Potion            |     1 |       ||     1
  Eat: Chunk             |       |     2 ||     2
